 Dungeon Crawl Stone Soup version 0.30-a0-1085-g990a428a5c (webtiles) character file.

Game seed: 10150584533356918038

20 pokeman the Magician (level 2, 0/16 HPs)
             Began as a Deep Elf Hedge Wizard on Apr 16, 2023.
             Succumbed to a scorpion's poison
             ... on level 2 of the Dungeon.
             The game lasted 00:02:08 (1502 turns).

pokeman the Magician (Deep Elf Hedge Wizard)        Turns: 1502, Time: 00:02:08

Health: 0/16       AC:  2    Str:  7    XL:     2   Next: 58%
Magic:  9/9        EV: 12    Int: 18    God:
Gold:   69         SH:  0    Dex: 14    Spells: 9/10 levels left

rFire   . . .      SeeInvis .    h - staff of poison
rCold   . . .      Faith    .    (no shield)
rNeg    . . .      Spirit   .    b - +0 robe
rPois   +          Reflect  .    c - +0 hat
rElec   .          Rampage  .    (no cloak)
rCorr   .                        (no gloves)
Will    .....                    (no boots)
Stlth   ++                       (no amulet)
HPRegen 0.22/turn                (no ring)
MPRegen 0.11/turn                (no ring)

@: lethally poisoned (0 -> -10)
A: no striking features
a: no special abilities


You were on level 2 of the Dungeon.
You visited 1 branch of the dungeon, and saw 2 of its levels.

You collected 99 gold pieces.
You spent 30 gold pieces at shops.

Inventory:

Hand Weapons
 a - a +0 dagger
Armour
 b - a +0 robe (worn)
 c - a +0 hat (worn)
Magical Staves
 h - a staff of poison (weapon)
Scrolls
 e - a scroll of vulnerability {unknown}
 l - 2 scrolls of identify
 n - a scroll of immolation {unknown}
 o - a scroll of fog {unknown}
Potions
 d - a potion of magic
 f - a potion of curing {unknown}
 g - a potion of heal wounds {unknown}
 i - a potion of lignification {unknown}
 j - a potion of invisibility {unknown}
 k - a potion of degeneration
 m - a potion of brilliance {unknown}


   Skills:
 + Level 0.5 Fighting
 + Level 0.5 Armour
 - Level 2.4 Dodging
 - Level 2.4 Stealth
 * Level 4.9 Spellcasting
 + Level 1.5 Conjurations
 - Level 1.1 Summonings
 - Level 1.1 Translocations


You had 9 spell levels left.
You knew the following spells:

 Your Spells              Type           Power      Damage    Failure   Level
a - Magic Dart            Conj           40%        1d5       7%          1

Your spell library contained the following spells:

 Spells                   Type           Power      Damage    Failure   Level
 Blink                    Tloc           16%        N/A       13%         2
 Call Imp                 Summ           16%        N/A       13%         2
 Slow                     Hex            16%        N/A       14%         1
 Cigotuvi's Dreadful Rot  Necr/Pois/Air  12%        N/A       21%         2
 Mephitic Cloud           Conj/Pois/Air  9%         N/A       32%         3
 Manifold Assault         Tloc           8%         N/A       63%         4
 Storm Form               Tmut/Air       2%         N/A       100%        7


Dungeon Overview and Level Annotations

Branches:
Dungeon (2/15)

Altars:

Shops:
D:1 **


Message History

Casting: Magic Dart (safe; 7% risk of failure)
Confirm with . or Enter, or press ? or * to list all spells.
You can't see any susceptible monsters within range! (Use Z to cast anyway.) Unknown command.
You open the door.
There is an open door here.
Found a stone staircase leading down.
There is a stone staircase leading down here.
You open the door.
A scorpion comes into view.
h - a staff of poison (weapon)
The scorpion stings you but does no damage.
The scorpion attacks as you move away! The scorpion closely misses you.
You closely miss the scorpion. The scorpion closely misses you.
You hit the scorpion.
The scorpion is lightly wounded.
The scorpion stings you but does no damage.
The scorpion stings you!
You hit the scorpion but do no damage.
The scorpion is lightly wounded.
The scorpion stings you.
You barely miss the scorpion.
The scorpion is lightly wounded.
The scorpion closely misses you. The scorpion barely misses you.
You hit the scorpion.
The scorpion is moderately wounded.
The scorpion barely misses you.
You hit the scorpion but do no damage.
The scorpion is moderately wounded.
The scorpion stings you.
You are lethally poisoned!
The scorpion poisons you!
You barely miss the scorpion.
The scorpion is moderately wounded.
* * * LOW HITPOINT WARNING * * *
You feel very sick. The scorpion barely misses you. x2
You hit the scorpion but do no damage.
The scorpion is moderately wounded.
You die...

####'####### #.# #####'###
#.# ........# #.# ........#
#.# ........# #.# #.......#
#.# #.......# #.#####.#
#.......###########.......#
........+.......@s>########
.^......##########........
..####### #######.########
........ ................
..###### #######.########
### #.# #.# #'# . ...


You could see a scorpion.

Vanquished Creatures
  3 endoplasms (D:1)
  A giant cockroach (D:2)
  2 hobgoblins
  3 kobolds
  2 ball pythons (D:1)
  A bat (D:1)
  2 frilled lizards
  2 goblins
  5 rats
21 creatures vanquished.

Notes
Turn   | Place    | Note
-------+----------+-------------------------------------------
     0 | D:1      | pokeman the Deep Elf Hedge Wizard began the quest for the
                  | Orb.
     0 | D:1      | Reached XP level 1. HP: 10/10 MP: 7/7
   457 | D:1      | Found a faded altar of an unknown god.
   618 | D:1      | Found Ceun's General Store.
   626 | D:1      | Bought a potion of degeneration for 10 gold pieces
   626 | D:1      | Bought a scroll of identify for 20 gold pieces
   667 | D:1      | Reached XP level 2. HP: 15/15 MP: 7/9
   983 | D:1      | Found Inaethim's Assorted Antiques.
  1486 | D:2      | Noticed a scorpion
  1502 | D:2      | Succumbed to a scorpion's poison

Illustrated notes

Levels and vault maps discovered:
D:1:      dpeg_arrival_refuge, layout_loops_ring, basic_ecumenical_altar,
          serial_shops, shop, shop, patterned_corridor
D:2:      layout_basic, minmay_tetromino_l4, uniq_robin

Action                     || total
---------------------------++-------
  Melee: Staff             ||     8
   Cast: Magic Dart        ||    60
 Armour: Robe              ||     3
  Dodge: Dodged            ||    19

Table legend: (Time is in decaauts)
 A = Elapsed time spent in this place.
 B = Non-inter-level travel time spent in this place.
 C = Inter-level travel time spent in this place.
 D = Time resting spent in this place.
 E = Time spent auto-exploring this place.
 F = Levels seen in this place.
 G = Mean time per level.
                   A        B        C        D        E       F      G
               +--------+--------+--------+--------+--------+-----+--------+
         Total |   1502 |   1458 |     44 |      0 |   1323 |   2 |  751.0 |
       Dungeon |   1502 |   1458 |     44 |      0 |   1323 |   2 |  751.0 |
               +--------+--------+--------+--------+--------+-----+--------+

Top non-repeatable levels by time:
     D:1: 1090 daAuts
     D:2: 412 daAuts
